[Event "*** Titled Tuesday Blitz"]
[Site "Chess.com"]
[Date "2019.03.05"]
[Round "3"]
[White "Kampkatten"]
[Black "SaraciNderim"]
[Result "1-0"]
[WhiteElo "2788"]
[BlackElo "2727"]
[TimeControl "180+2"]
[EndTime "13:40:34 PST"]
[Termination "Kampkatten won by resignation"]

1. Nf3 d5 2. g3 c6 3. Bg2 Bg4 4.
c4 Bxf3 5. Bxf3 dxc4 6. Na3 Qd4 7. Qa4 Nd7 8. Qxc4 Qxc4 9. Nxc4 Ngf6 10. d3 e6 11. Bd2 Nd5 12. a3 Be7 13. O-O Nc5 14. Na5 Bd8 15. Rab1 Bxa5 16. Bxa5 Nb3 17. Bc3 Nxc3 18.
bxc3 Nd2 19. Rxb7 O-O-O 20. Rxa7 Nxf1 21. Kxf1 Rhf8 22. Bxc6 Kb8 23. Rb7+ Kc8 24. c4 Rd6 25. Ra7 Rfd8 26. Bb5 e5 27. Rxf7 Rf6 28. Rxg7 h6 29. f3 Rdf8 30. Kf2 Kb8 31. Ke3 Re6 32. Ke4 Rff6 33.
a4 1-0

[Event "*** Titled Tuesday Blitz"]
[Site "Chess.com"]
[Date "2019.03.05"]
[Round "3"]
[White "731291"]
[Black "Alopekos"]
[Result "1-0"]
[WhiteElo "2679"]
[BlackElo "2438"]
[TimeControl "180+2"]
[EndTime "13:40:41 PST"]
[Termination "731291 won on time"]

1. e4 e5 2. Nf3 Nc6 3. Bb5 a6 4. Ba4 Nf6 5. d3 d6 6. c4 g6 7. O-O Bg7 8. Nc3 O-O 9. a3 h6 10. b4 Nh5 11. Bb3 Kh7 12. h3 f5 13. exf5 gxf5 14.
Ng5+ Kg6 15. Nf3 e4 16. dxe4 Bxc3 17. exf5+ Bxf5 18. Bxh6 Bxa1 19. Bxf8 Bf6 20. Bc2 Bxc2 21. Qxc2+ Kf7 22. Bh6 Qh8 23. Bg5 Rg8 24. h4 Ne5 25. Qf5 Rg6 26. Nxe5+ dxe5 27. Rd1 Qe8 28. Rd7+ Kg8 29.
Bxf6 Nxf6 30. Rxc7 1-0

[Event "*** Titled Tuesday Blitz"]
[Site "Chess.com"]
[Date "2019.03.05"]
[Round "3"]
[White "alpasya2009"]
[Black "x-3738459472"]
[Result "1-0"]
[WhiteElo "2542"]
[BlackElo "2448"]
[TimeControl "180+2"]
[EndTime "13:40:44 PST"]
[Termination "alpasya2009 won by checkmate"]

1. d4 Nf6 2. c4 c5 3. d5 e5 4.
Nc3 d6 5. e4 Be7 6. Bd3 Nbd7 7.
Nge2 h5 8. O-O h4 9. f4 exf4 10.
Bxf4 Ng4 11. Bc2 Nge5 12. Ba4 Bf6 13. Nb5 O-O 14. Nxd6 Qb6 15. Nxc8 Raxc8 16. Qc2 Qd6 17. Nc1 Nb6 18. Bb3 g5 19. Bxe5 Bxe5 20. h3 Bd4+ 21. Kh1 Rce8 22. Ne2 Bg7 23. Ng1 Qe5 24. Rae1 Qxb2 25.
Qd1 Qd4 26. Qh5 Rxe4 27. Bc2 f5 28. Bxe4 fxe4 29. Rxf8+ Kxf8 30. Rf1+ Kg8 31. Qe8+ Kh7 32. Qh5+ Kg8 33. Qf7+ Kh8 34. Rf5 Nxc4 35. Rxg5 Qe3 36. Qxg7# 1-0

[Event "*** Titled Tuesday Blitz"]
[Site "Chess.com"]
[Date "2019.03.05"]
[Round "3"]
[White "gmjoey1"]
[Black "sergoy"]
[Result "1-0"]
[WhiteElo "2724"]
[BlackElo "2828"]
[TimeControl "180+2"]
[EndTime "13:40:45 PST"]
[Termination "gmjoey1 won by resignation"]

1. e4 c5 2. Nf3 d6 3. c3 Nf6 4. Be2 Nc6 5. d4 e6 6. d5 Ne5 7. dxe6 Bxe6 8. Bg5 Be7 9. Nxe5 dxe5 10.
Bxf6 Qxd1+ 11. Bxd1 Bxf6 12. Ba4+ Ke7 13. Nd2 Rhd8 14.
Bb3 Bg5 15. Nf3 Bf6 16. Bxe6 Kxe6 17. Ke2 Be7 18. Rhd1 g6 19. a4 c4 20. Rxd8 Rxd8 21. a5 b6 22. axb6 axb6 23. Ra6 Rd6 24. Ra7 f6 25.
Rc7 f5 26. Rxc4 b5 27. Rc7 fxe4 28. Nd2 e3 29. fxe3 Ra6 30. Rb7 Ra5 31. Kd3 h5 32.
b4 Ra1 33. Rxb5 Rg1 34. Rxe5+ Kf6 35. g3 Rg2 36. Ra5 Rxh2 37. Ra6+ Kf7 38. b5 Rh1 39. b6 h4 40. b7 1-0

[Event "*** Titled Tuesday Blitz"]
[Site "Chess.com"]
[Date "2019.03.05"]
[Round "3"]
[White "A-Fier"]
[Black "Margency"]
[Result "0-1"]
[WhiteElo "2741"]
[BlackElo "2597"]
[TimeControl "180+2"]
[EndTime "13:40:45 PST"]
[Termination "Margency won by resignation"]

1. Nf3 Nf6 2. c4 g6 3. b3 Bg7 4. Bb2 c5 5. g3 Nc6 6. Bg2 O-O 7. O-O d6 8. d4 cxd4 9. Nxd4 Bd7 10. Nc3 Qa5 11.
e3 Rfc8 12. Qe2 Rab8 13. Rac1 a6 14. Rfd1 Ne5 15. h3 h5 16. a3 Qd8 17. f4 Nc6 18.
Kh2 Qf8 19. Nf3 Na5 20. Nd2 b5 21. cxb5 axb5 22. b4 Nc4 23. Nxc4 Rxc4 24. Nd5 Nxd5 25. Bxd5 Rcc8 26. Rxc8 Rxc8 27. Rc1 Rxc1 28. Bxc1 Qc8 29. Bd2 Qc2 30. Bf3 Qb2 31. Qd3 Bf5 32. e4 Be6 33. Bd1 Bc4 34. Qc2 Qxa3 35. h4 Bd4 36. Kg2 Kg7 37. Bf3 Bf1+ 38. Kxf1 Qxf3+ 39. Ke1 Bf2+ 0-1

[Event "*** Titled Tuesday Blitz"]
[Site "Chess.com"]
[Date "2019.03.05"]
[Round "3"]
[White "therealtrader"]
[Black "GM_dmitrij"]
[Result "1-0"]
[WhiteElo "2668"]
[BlackElo "2859"]
[TimeControl "180+2"]
[EndTime "13:40:46 PST"]
[Termination "therealtrader won by resignation"]

1. d4 d5 2. c4 c6 3. Nf3 Nf6 4.
Nc3 e6 5. e3 Nbd7 6. Qc2 Bd6 7.
Bd3 O-O 8. O-O dxc4 9. Bxc4 b5 10. Be2 Bb7 11. e4 e5 12. dxe5 Nxe5 13. Nd4 b4 14.
Na4 c5 15. Nxc5 Bxc5 16. Qxc5 Nxe4 17. Qxe5 Re8 18. Qb5 Qxd4 19. Qxb7 Rad8 20. Be3 Qxb2 21. Bf3 Nd2 22. Bxd2 Rxd2 23. Qxa7 h6 24. Rab1 Qc3 25. Qa4 Rb8 26. Qb3 Qd4 27. Rbd1 Re8 28. Rxd2 Qxd2 29. Bd5 Re7 30. g3 g6 31. Kg2 Kg7 32. Rd1 Qe2 33.
Bf3 Qb5 34. Qb2+ Kh7 35. Rd8 Re5 36. a3 b3 37. a4 Qc5 38. Qxb3 Re7 39. Qb2 Re5 40.
Rf8 Kg7 41. Re8 1-0

[Event "*** Titled Tuesday Blitz"]
[Site "Chess.com"]
[Date "2019.03.05"]
[Round "3"]
[White "tango_argentino"]
[Black "UCantHandleDenker"]
[Result "0-1"]
[WhiteElo "2497"]
[BlackElo "2539"]
[TimeControl "180+2"]
[EndTime "13:40:46 PST"]
[Termination "UCantHandleDenker won by resignation"]

1. e4 c5 2. a3 g6 3. Bc4 Bg7 4. d3 d6 5. Nc3 Nc6 6. h3 Nf6 7. Ba2 O-O 8. Nf3 Rb8 9. O-O b5 10. Be3 a5 11. a4 b4 12. Nb5 Ba6 13. Bc4 Bb7 14. Qd2 e6 15. Bh6 d5 16. Bxg7 Kxg7 17.
exd5 exd5 18. Bb3 Ba6 19. Qg5 h6 20. Qg3 Bxb5 21. axb5 Rxb5 22. Ba4 Rb6 23. Bxc6 Rxc6 24. Rfe1 Ra6 25. Nh4 Nh5 26. Nf5+ Kh7 27. Qf3 Rf6 28. Re5 Ng7 29. Rxd5 Qa8 30. Rxc5 Qxf3 31. gxf3 Nxf5 32.
Raxa5 Nd4 33. Rc4 Nxf3+ 34. Kg2 b3 35. cxb3 Ne1+ 36. Kg3 Nxd3 37. f3 Rb8 38. b4 0-1

[Event "*** Titled Tuesday Blitz"]
[Site "Chess.com"]
[Date "2019.03.05"]
[Round "3"]
[White "LarissaSteenbekkers"]
[Black "Perecke"]
[Result "0-1"]
[WhiteElo "1993"]
[BlackElo "2042"]
[TimeControl "180+2"]
[EndTime "13:40:48 PST"]
[Termination "Perecke won by resignation"]

1. e4 e5 2. Nf3 Nc6 3. Bb5 a6 4. Ba4 Nf6 5. O-O Be7 6. Re1 b5 7. Bb3 d6 8. c3 O-O 9. h3 Na5 10. Bc2 c5 11. d4 Qc7 12. d5 Nd7 13. Nbd2 c4 14. g4 Nc5 15. Nf1 h5 16. gxh5 Bxh3 17. Kh2 Bg4 18. Ng3 Bh4 19. Rg1 Qe7 20. Nf5 Bxf5 21. exf5 Bxf2 22. Rg2 Bh4 23. Bh6 Bf6 24. Qg1 Kh8 25. Bxg7+ Bxg7 26. Rxg7 Rg8 27. h6 Qf6 28.
Ng5 Qxh6+ 29. Nh3 Rxg7 30. Qf2 Rag8 31. f6 Rg2+ 32. Qxg2 Rxg2+ 33. Kxg2 Qd2+ 34. Nf2 Qxc2 35. Rh1+ Kg8 36. Rh3 Nd3 37. Rf3 Nxf2 38. Rxf2 Qe4+ 39.
Rf3 Qxd5 40. Kg3 e4 0-1

[Event "*** Titled Tuesday Blitz"]
[Site "Chess.com"]
[Date "2019.03.05"]
[Round "3"]
[White "b_6"]
[Black "NIGWAPO"]
[Result "1-0"]
[WhiteElo "2416"]
[BlackElo "2563"]
[TimeControl "180+2"]
[EndTime "13:40:49 PST"]
[Termination "b_6 won on time"]

1. d4 Nf6 2. Bf4 g6 3. Nc3 Bg7 4. e4 d6 5. Qd2 c6 6. Bh6 Bxh6 7. Qxh6 Qb6 8. O-O-O Qa5 9. Nf3 Bg4 10. Be2 Nbd7 11. h3 Bxf3 12. Bxf3 O-O-O 13. Kb1 Nb6 14. Be2 Na4 15. Nxa4 Qxa4 16. Qe3 Qb4 17. Rd3 e5 18. Rhd1 Rhe8 19. Rb3 exd4 20. Qf4 Rxe4 21. Qxf6 Qa5 22.
Bg4+ Kb8 23. Qxf7 b5 24. Ra3 Qb6 25. Bf3 Re5 26. Rad3 c5 27. Qxh7 Rf8 28. Qxg6 c4 29. Rxd4 Rxf3 30. Rxd6 1-0

[Event "*** Titled Tuesday Blitz"]
[Site "Chess.com"]
[Date "2019.03.05"]
[Round "3"]
[White "SantoBlue"]
[Black "Sanan_Sjugirov"]
[Result "1-0"]
[WhiteElo "2722"]
[BlackElo "2892"]
[TimeControl "180+2"]
[EndTime "13:40:50 PST"]
[Termination "SantoBlue won by resignation"]

1. e4 c5 2. Nf3 d6 3. Bb5+ Nd7 4. O-O a6 5. Bxd7+ Bxd7 6. d4 cxd4 7. Qxd4 Rc8 8. c4 e5 9. Qd3 b5 10. Na3 Qb6 11.
Be3 Qb7 12. cxb5 axb5 13. Rac1 Rxc1 14. Rxc1 Nf6 15. Nd2 h6 16. h3 Be7 17. Nc2 d5 18.
exd5 Qxd5 19. Qxd5 Nxd5 20. Nb3 Bf5 21. Bc5 Bg5 22.
Ne3 Nxe3 23. Bxe3 Bxe3 24. fxe3 Kd7 25. Rc5 Ra8 26. Rxe5 Be6 27. Rxb5 Rxa2 28. Nd4 Bc4 29. Rb7+ Kd6 30. Nf5+ Kc6 31. Rb8 Kc7 32. Rb4 Bd3 33. Nxg7 Kc6 34. Nh5 Kc5 35. Rb8 Be4 36. Ng3 Bd3 37.
Rc8+ Kd5 38. Rd8+ Kc4 39. Rd4+ 1-0

[Event "*** Titled Tuesday Blitz"]
[Site "Chess.com"]
[Date "2019.03.05"]
[Round "3"]
[White "Dare-Dare"]
[Black "salomez"]
[Result "0-1"]
[WhiteElo "2110"]
[BlackElo "2095"]
[TimeControl "180+2"]
[EndTime "13:40:54 PST"]
[Termination "salomez won by resignation"]

1. Nf3 Nf6 2. c4 g6 3. Nc3 Bg7 4. e4 d6 5. d4 Nbd7 6. h3 e5 7. d5 O-O 8. Be3 a5 9. g4 b6 10.
Be2 Bb7 11. Qc2 Nc5 12. O-O-O a4 13. Nd2 Nfd7 14. h4 c6 15. h5 cxd5 16. cxd5 Rc8 17. Kb1 a3 18. hxg6 fxg6 19. Rh3 axb2 20. Qxb2 Nf6 21.
g5 Nfd7 22. Rdh1 Rf4 23. Rxh7 Qxg5 24. Nb5 Qf6 25. Bxf4 Qxf4 26. Nxd6 Na4 27. Qb5 Nc3+ 28. Ka1 Nxb5 29. Bxb5 Qxd2 30. Bxd7 Qc3+ 31. Kb1 Qb4+ 32.
Ka1 Qxd6 33. Bxc8 Bxc8 34. R7h2 Qb4 35. Rc1 Qd4+ 36. Kb1 Qxe4+ 37. Ka1 Qd4+ 38. Kb1 0-1

[Event "*** Titled Tuesday Blitz"]
[Site "Chess.com"]
[Date "2019.03.05"]
[Round "3"]
[White "LPSupi"]
[Black "Mikhail_Golubev"]
[Result "1-0"]
[WhiteElo "2850"]
[BlackElo "2457"]
[TimeControl "180+2"]
[EndTime "13:40:58 PST"]
[Termination "LPSupi won by resignation"]

1. e4 c5 2. Nf3 d6 3. d4 cxd4 4.
Nxd4 Nf6 5. Nc3 g6 6. Be3 Bg7 7. f3 Nc6 8. Qd2 O-O 9. Bc4 Bd7 10. h4 Ne5 11. Bb3 Rc8 12. h5 Nxh5 13. O-O-O Qa5 14.
Kb1 Rxc3 15. Qxc3 Qxc3 16. bxc3 Rc8 17. Kb2 Nf6 18. Ne2 a5 19. a3 a4 20. Ba2 Bb5 21. Nf4 Nc4+ 22. Bxc4 Bxc4 23. Nd3 Nd7 24. Bd4 Be6 25. Rb1 Rc6 26. Kc1 Nc5 27. Nxc5 dxc5 28. Bxg7 Kxg7 29. Rxb7 h5 30. Rxe7 Rb6 31. Rc7 Ba2 32.
Rd1 Rb5 33. Ra7 g5 34. Rxa4 h4 35. Ra6 Be6 36. a4 Rb8 37. a5 Bc4 38. Rc6 Rb5 39.
a6 Ra5 40. Rb6 Bxa6 41. Rd5 f6 42. Rd7+ Kg6 43. Ra7 Ra1+ 44. Kb2 Rg1 45. Raxa6 Rxg2 46. Rxf6+ Kg7 47. Rfb6 1-0

[Event "*** Titled Tuesday Blitz"]
[Site "Chess.com"]
[Date "2019.03.05"]
[Round "3"]
[White "jflup"]
[Black "Grootneus"]
[Result "1-0"]
[WhiteElo "2350"]
[BlackElo "2183"]
[TimeControl "180+2"]
[EndTime "13:41:00 PST"]
[Termination "jflup won by checkmate"]

1. e4 c5 2. Nc3 a6 3. Nf3 e6 4. d4 cxd4 5. Nxd4 Qc7 6. Qf3 Nf6 7. Bg5 Be7 8. O-O-O Nc6 9. Nxc6 bxc6 10. Qg3 Qa5 11. e5 Nh5 12. Qh4 Bxg5+ 13. Qxg5 g6 14. Ne4 Qxa2 15. g4 Qa1+ 16. Kd2 Qa5+ 17. Kc1 Qa1+ 18. Kd2 Qa5+ 19. c3 Rb8 20. gxh5 Rxb2+ 21. Ke3 Qb6+ 22. Kf3 Qb3 23. Bd3 c5 24. Nd6+ Kf8 25. Qf6 Bb7+ 26.
Kg3 Rxf2 27. Qxh8+ Ke7 28. Qe8# 1-0

[Event "*** Titled Tuesday Blitz"]
[Site "Chess.com"]
[Date "2019.03.05"]
[Round "3"]
[White "witcher8"]
[Black "Maikrosoft63"]
[Result "0-1"]
[WhiteElo "2375"]
[BlackElo "2551"]
[TimeControl "180+2"]
[EndTime "13:41:00 PST"]
[Termination "Maikrosoft63 won by checkmate"]

1. e4 c5 2. Nf3 Nc6 3. d4 cxd4 4. Nxd4 Nf6 5. Nc3 d6 6. Nxc6 bxc6 7. Bd3 e5 8. O-O Be7 9. Kh1 O-O 10. f4 exf4 11.
Bxf4 Be6 12. e5 dxe5 13. Bxe5 Qb6 14. Bxf6 Bxf6 15. Rxf6 gxf6 16. Qh5 f5 17. Qh4 f6 18. Rf1 Qc5 19. Ne2 Rae8 20. Nf4 Bd7 21. Rf3 Re7 22. Rg3+ Rg7 23. Rxg7+ Kxg7 24. Nh5+ Kh8 25. Nf4 Qe3 26. h3 Qe8 27. Qh6 Rg8 28. Qxf6+ Rg7 29. Be2 Qf7 30. Qe5 Qe7 31. Qd4 Qe4 32. Qd6 Qe7 33. Qd4 Be8 34.
Bc4 Bf7 35. Be2 h6 36. Nh5 Bxh5 37. Bxh5 Qe1+ 38. Kh2 Qg3+ 39. Kh1 Qxg2# 0-1

[Event "*** Titled Tuesday Blitz"]
[Site "Chess.com"]
[Date "2019.03.05"]
[Round "3"]
[White "vugarrasulov"]
[Black "Tjktiger"]
[Result "1-0"]
[WhiteElo "2741"]
[BlackElo "2792"]
[TimeControl "180+2"]
[EndTime "13:41:01 PST"]
[Termination "vugarrasulov won on time"]

1. e4 c5 2. Nf3 g6 3. d4 cxd4 4. Qxd4 Nf6 5. e5 Nc6 6. Qa4 Nd5 7. Qb3 e6 8. c4 Nde7 9. Nc3 Bg7 10. Bf4 O-O 11.
Be2 Qa5 12. Qb5 Qc7 13. O-O a6 14. Qc5 Nf5 15. Na4 b5 16. cxb5 axb5 17. Bxb5 Ra5 18. b4 Ra8 19. Rfd1 Re8 20. a3 Bb7 21. Qb6 Qc8 22.
Nc5 Rb8 23. Nxd7 Ra8 24. Rac1 Nfe7 25. Nc5 Rb8 26. Nxb7 Rxb7 27. Qc5 Rc7 28. Bg5 Bf8 29. Qc4 Nd5 30. Bxc6 1-0

[Event "*** Titled Tuesday Blitz"]
[Site "Chess.com"]
[Date "2019.03.05"]
[Round "3"]
[White "wannabe2700"]
[Black "Fy_Rakotomaharo"]
[Result "1-0"]
[WhiteElo "2561"]
[BlackElo "2607"]
[TimeControl "180+2"]
[EndTime "13:41:01 PST"]
[Termination "wannabe2700 won by resignation"]

1. e4 c5 2. Nf3 d6 3. d4 cxd4 4.
Nxd4 Nf6 5. Nc3 a6 6. Be3 e5 7. Nb3 Be6 8. f3 Nbd7 9. Qd2 Rc8 10. O-O-O h5 11. Nd5 Nxd5 12. exd5 Bf5 13. Bd3 Bxd3 14. Qxd3 g6 15. f4 Bg7 16. f5 g5 17. Rhf1 Qf6 18. Kb1 Kf8 19. c3 g4 20. Nd2 Qe7 21.
Ne4 Bf6 22. h3 b5 23. Rh1 g3 24.
Nxg3 h4 25. Ne4 Rg8 26. Rhg1 Rc4 27. Bf2 Ke8 28. Qe2 Kd8 29. g4 hxg3 30. Rxg3 Rh8 31. Rdg1 Kc7 32. b3 Rxe4 33. Qxe4 Rh4 34. Qe3 Nc5 35.
b4 Re4 36. Qf3 Rf4 37. Qe3 Re4 38. Qd2 Na4 39. Qd3 Rc4 40. Rc1 e4 41. Qe3 Kb7 42. Qa7+ 1-0

[Event "*** Titled Tuesday Blitz"]
[Site "Chess.com"]
[Date "2019.03.05"]
[Round "3"]
[White "Stephenzinho"]
[Black "gunslinger222"]
[Result "1-0"]
[WhiteElo "2513"]
[BlackElo "2196"]
[TimeControl "180+2"]
[EndTime "13:41:02 PST"]
[Termination "Stephenzinho won by resignation"]

1. e4 e6 2. d4 d5 3. exd5 exd5 4.
Nf3 Bg4 5. Be2 Bd6 6. O-O Ne7 7.
h3 Bxf3 8. Bxf3 Nd7 9. Re1 O-O 10. Nd2 c6 11. a4 Nf5 12. c3 Nh4 13. Nf1 Nxf3+ 14.
Qxf3 Nf6 15. Bg5 Be7 16. Ng3 h6 17. Nf5 hxg5 18. Nxe7+ Kh8 19. Re5 Qd6 20. Rae1 g6 21. Rxg5 Ne4 22. Re5 Rae8 23. Qf4 Kg7 24. R5xe4 dxe4 25.
Qxd6 1-0

[Event "*** Titled Tuesday Blitz"]
[Site "Chess.com"]
[Date "2019.03.05"]
[Round "3"]
[White "mishanick"]
[Black "BlueWizzard"]
[Result "0-1"]
[WhiteElo "2970"]
[BlackElo "2676"]
[TimeControl "180+2"]
[EndTime "13:41:05 PST"]
[Termination "BlueWizzard won by resignation"]

1. d4 Nf6 2. c4 e6 3. Nf3 c5 4.
d5 d6 5. Nc3 exd5 6. cxd5 Nbd7 7. e4 g6 8. Bd3 Bg7 9. Bf4 a6 10. Bxd6 Qb6 11. e5 Ng4 12. Qe2 Bf8 13. h3 Nh6 14. Bxf8 Kxf8 15. O-O Kg7 16. Rfe1 Re8 17. Rad1 c4 18. Bxc4 Nxe5 19. Nxe5 f6 20. d6 Rxe5 21. Qd2 Bd7 22. Rxe5 fxe5 23. Qg5 Nf5 24. Nd5 Qxd6 25. Ne3 Nd4 26. Qg3 b5 27. Bf1 Re8 28. b3 Qc5 29. Qg5 h6 30. Qh4 Bc8 31. Bd3 Rf8 32. Qg3 Rf6 33. h4 Bf5 34. Bxf5 Ne2+ 35. Kh2 Nxg3 36. Kxg3 gxf5 37. Kh2 h5 38. Rd7+ Kf8 39. Rd5 Qc7 40. g3 f4 41. Ng2 fxg3+ 42. fxg3 Rf2 43. Kg1 Rxg2+ 44. Kxg2 Qc6 0-1

[Event "*** Titled Tuesday Blitz"]
[Site "Chess.com"]
[Date "2019.03.05"]
[Round "3"]
[White "pedro_gines"]
[Black "DawidCzerw"]
[Result "1-0"]
[WhiteElo "2421"]
[BlackElo "2253"]
[TimeControl "180+2"]
[EndTime "13:41:06 PST"]
[Termination "pedro_gines won on time"]

1. Nf3 c5 2. b3 Nc6 3. Bb2 b6 4.
g3 Bb7 5. Bg2 e6 6. O-O Nf6 7. d3 Be7 8. Nbd2 O-O 9. e4 d6 10.
e5 Nxe5 11. Nxe5 Bxg2 12. Kxg2 dxe5 13. Bxe5 Nd5 14. Ne4 Bf6 15. Nxf6+ Nxf6 16. Qf3 Qd5 17. Bxf6 Qxf3+ 18. Kxf3 gxf6 19. g4 Kg7 20. Rae1 Rfd8 21. a4 Kg6 22. h4 Rd4 23. Re4 Rad8 24. Rfe1 h5 25. Rg1 Rxe4 26. Kxe4 hxg4 27. Rxg4+ Kh5 28. Rg7 Rd7 29. Rh7+ Kg6 30. Rh8 Kg7 31. Ra8 Kg6 32. f4 Kh5 33. Rh8+ Kg4 34. h5 Rd4+ 35. Ke3 e5 36. h6 exf4+ 37. Kf2 Kg5 38. h7 Kg6 39. Rf8 Kxh7 40. Rxf7+ Kg6 41. Rxa7 Kf5 42. Kf3 Rd8 43. a5 Rg8 44. axb6 Rg3+ 45. Kf2 Rg8 46. Ra5 Kg4 47.
Rxc5 Rh8 48. b7 Rh2+ 49. Kg1 Rd2 50. b8=Q 1-0

[Event "*** Titled Tuesday Blitz"]
[Site "Chess.com"]
[Date "2019.03.05"]
[Round "3"]
[White "Chessmatus"]
[Black "saraswathii"]
[Result "1-0"]
[WhiteElo "2295"]
[BlackElo "2239"]
[TimeControl "180+2"]
[EndTime "13:41:07 PST"]
[Termination "Chessmatus won by checkmate"]

1. d4 Nf6 2. c4 d6 3. Nc3 g6 4. e4 Bg7 5. Be3 O-O 6. Be2 Nbd7 7. g4 e5 8. d5 Nb6 9. f3 Ne8 10. h4 f5 11. gxf5 gxf5 12. Bg5 Nf6 13. exf5 Bxf5 14. Bd3 Qd7 15. Qc2 Bxd3 16. Qxd3 Rae8 17. O-O-O Na4 18.
Nge2 Nc5 19. Qc2 Nh5 20. Rhg1 Rxf3 21. b4 Na6 22. a3 Kh8 23. Rdf1 Ref8 24. Rxf3 Rxf3 25.
Qe4 Qf5 26. Qxf5 Rxf5 27. Ne4 Rf3 28. N2c3 c6 29. Kc2 cxd5 30. cxd5 Bf8 31. Nb5 h6 32. Bd8 Nf4 33. Nf6 Bg7 34. Nxd6 Rf2+ 35. Kb1 Bxf6 36.
Bxf6+ Kh7 37. Rg7+ Kh8 38. Nf7# 1-0

[Event "*** Titled Tuesday Blitz"]
[Site "Chess.com"]
[Date "2019.03.05"]
[Round "3"]
[White "MatBobula"]
[Black "Generalas"]
[Result "1-0"]
[WhiteElo "2280"]
[BlackElo "2167"]
[TimeControl "180+2"]
[EndTime "13:41:08 PST"]
[Termination "MatBobula won by resignation"]

1. d4 Nf6 2. c4 e6 3. Nf3 c5 4. d5 b5 5. Bg5 Qa5+ 6. Nbd2 bxc4 7. Bxf6 gxf6 8. e4 Bb7 9. Bxc4 Rg8 10. O-O Na6 11. Qe2 Nc7 12. Rfd1 Bh6 13. Nf1 Ba6 14. a3 Bxc4 15. Qxc4 Qb5 16. Qc3 Rb8 17. Qxf6 Bg7 18. Qf4 Qb7 19. Rab1 h6 20. Ne3 Nb5 21. e5 Qc7 22.
Nc4 exd5 23. Rxd5 Kf8 24. a4 Nd4 25. Nxd4 cxd4 26. Nd6 f6 27. exf6 1-0

[Event "*** Titled Tuesday Blitz"]
[Site "Chess.com"]
[Date "2019.03.05"]
[Round "3"]
[White "HanSchut"]
[Black "belisarius64"]
[Result "1/2-1/2"]
[WhiteElo "2334"]
[BlackElo "2487"]
[TimeControl "180+2"]
[EndTime "13:41:09 PST"]
[Termination "Game drawn by agreement"]

1. e4 c5 2. Nf3 d6 3. d4 cxd4 4. Nxd4 Nf6 5. f3 g6 6. c4 Bg7 7. Be3 O-O 8. Qd2 Nc6 9. Nc3 Bd7 10. Be2 Nxd4 11. Bxd4 Qa5 12. O-O Rfc8 13. Rfd1 a6 14.
Rac1 h5 15. Kh1 b5 16. Bxf6 Bxf6 17. Nd5 Qxd2 18. Nxf6+ Kg7 19. Nxh5+ gxh5 20. Rxd2 bxc4 21. Rxc4 Rxc4 22. Bxc4 a5 23. e5 Rc8 24. b3 Be6 25. exd6 exd6 26. Rc2 Bf5 27. Rd2 Be6 28. Bf1 Rc1 29.
Kg1 Ra1 30. Kf2 Kf6 31. Bd3 Ke7 32. Be4 f5 33. Bd3 f4 34. g3 fxg3+ 35. Kxg3 Kf6 36.
Kh4 Bf7 37. Bc4 d5 38. Bxd5 Bxd5 39. Rxd5 Rxa2 40. Kg3 h4+ 41. Kxh4 Rxh2+ 42. Kg4 Rb2 43. Rxa5 Rxb3 44. f4 Kf7 45. Ra6 Rb5 46. f5 Rb1 47.
Ra7+ Kf6 48. Ra6+ Kf7 49. Kg5 Rg1+ 50. Kf4 Rf1+ 51. Ke5 Re1+ 52. Kf4 Rf1+ 53. Kg4 Rg1+ 54. Kf4 Rf1+ 55. Ke5 Re1+ 56. Kf4 Rf1+ 57. Kg5 Rg1+ 1/2-1/2

[Event "*** Titled Tuesday Blitz"]
[Site "Chess.com"]
[Date "2019.03.05"]
[Round "3"]
[White "1stSecond"]
[Black "Korchmar_Vasiliy"]
[Result "0-1"]
[WhiteElo "2743"]
[BlackElo "2750"]
[TimeControl "180+2"]
[EndTime "13:41:10 PST"]
[Termination "Korchmar_Vasiliy won by resignation"]

1. Nf3 c5 2. g3 Nc6 3. Bg2 g6 4. O-O Bg7 5. Nc3 e5 6. e4 Nge7 7. d3 d6 8. a3 O-O 9. Rb1 a5 10. Nd2 f5 11. exf5 gxf5 12. Nd5 Nxd5 13. Bxd5+ Kh8 14. Qh5 Ne7 15. Bg2 d5 16. c4 Be6 17.
Nf3 Bf7 18. Qh3 dxc4 19. Bh6 cxd3 20. Bxg7+ Kxg7 21. Nxe5 Bb3 22. g4 Bc2 23. g5 Qd4 24.
Qh6+ Kg8 25. Qe6+ Kh8 26. Nd7 Rfd8 27. Nf6 Ng8 28. Nh5 Bxb1 29. Rxb1 d2 30. Bf3 Re8 31. Qxf5 Re1+ 32. Kg2 Rxb1 33. Qxb1 Rf8 34. h3 Rxf3 0-1

[Event "*** Titled Tuesday Blitz"]
[Site "Chess.com"]
[Date "2019.03.05"]
[Round "3"]
[White "mlchen"]
[Black "mikhaillushenkov"]
[Result "1-0"]
[WhiteElo "2491"]
[BlackElo "2610"]
[TimeControl "180+2"]
[EndTime "13:41:19 PST"]
[Termination "mlchen won by resignation"]

1. e4 e6 2. d4 d5 3. Nd2 Nf6 4. e5 Nfd7 5. Bd3 c5 6. c3 Nc6 7. Ne2 cxd4 8. cxd4 f6 9. exf6 Qxf6 10. Nf3 h6 11.
O-O Bd6 12. Ng3 O-O 13. Be3 Rd8 14. Nh5 Qf7 15. Nh4 Nf8 16. Rc1 Bd7 17. Bb1 g5 18.
Qg4 Kh8 19. Bxg5 hxg5 20. Qxg5 Nh7 21. Bxh7 Kxh7 22. Nf6+ Qxf6 23. Qxf6 Rg8 24. Qf7+ Rg7 25. Qh5+ Kg8 26. Rc3 Be8 27. Qd1 Be7 28. Rg3 Bf6 29. Rxg7+ Bxg7 30. Qg4 Nxd4 31. Rd1 Nc6 32. Qxe6+ Bf7 33.
Qg4 Kf8 34. Nf5 Bf6 35. Qf4 Be5 36. Qh6+ Ke8 37. Nd6+ Bxd6 38. Qxd6 Ne7 39. Re1 Kf8 40. Qxe7+ Kg8 41. Qg5+ 1-0

[Event "*** Titled Tuesday Blitz"]
[Site "Chess.com"]
[Date "2019.03.05"]
[Round "3"]
[White "King_of_the_wing"]
[Black "payto1"]
[Result "0-1"]
[WhiteElo "2158"]
[BlackElo "2148"]
[TimeControl "180+2"]
[EndTime "13:41:21 PST"]
[Termination "payto1 won on time"]

1. e4 e6 2. d4 d5 3. Nc3 Nf6 4. Bg5 dxe4 5. Nxe4 Be7 6. Bxf6 gxf6 7. Bd3 f5 8. Ng3 a6 9. Nf3 b5 10. c3 Bb7 11.
Qe2 Nd7 12. Nh5 Rg8 13. O-O-O Rxg2 14. Rhg1 Rg4 15. h3 Rg6 16. Ne5 Nxe5 17. dxe5 Qd5 18.
Nf4 Qxa2 19. Nxg6 hxg6 20. Bb1 Qa1 21. f3 Bf8 22. Qd2 Bd5 23. Qc2 Bxf3 24. Qd2 Bd5 25. h4 O-O-O 26. Qd4 Bh6+ 27. Rd2 Bxd2+ 28. Qxd2 Be4 0-1

[Event "*** Titled Tuesday Blitz"]
[Site "Chess.com"]
[Date "2019.03.05"]
[Round "3"]
[White "Winehouse83"]
[Black "INLOVEWITHF"]
[Result "1-0"]
[WhiteElo "2521"]
[BlackElo "2291"]
[TimeControl "180+2"]
[EndTime "13:41:24 PST"]
[Termination "Winehouse83 won by resignation"]

1. d4 d5 2. c4 c6 3. Nf3 Nf6 4. Nc3 e6 5. e3 Nbd7 6. Qc2 Bd6 7. g4 h6 8. Rg1 dxc4 9. Bxc4 b5 10. Bd3 Bb7 11.
h4 a6 12. g5 hxg5 13. hxg5 Nd5 14. g6 f5 15. a3 Qf6 16. e4 Nxc3 17. bxc3 fxe4 18. Bxe4 e5 19. Bg5 Qe6 20. a4 b4 21.
Rb1 exd4 22. Nxd4 Qc4 23. Bd3 Qd5 24. Qe2+ Ne5 25. Be4 Qa5 26. f4 bxc3 27. Rxb7 c2+ 28. Kf2 Rh2+ 29. Bg2 Qc3 30. Nxc2 Bc5+ 31. Kf1 Bxg1 32.
Kxg1 Rxg2+ 33. Kxg2 Kf8 34. fxe5 Re8 1-0

[Event "*** Titled Tuesday Blitz"]
[Site "Chess.com"]
[Date "2019.03.05"]
[Round "3"]
[White "TrickyTrapChess"]
[Black "vladimir_petrov"]
[Result "1-0"]
[WhiteElo "2314"]
[BlackElo "2384"]
[TimeControl "180+2"]
[EndTime "13:41:24 PST"]
[Termination "TrickyTrapChess won by checkmate"]

1. c4 Nf6 2. Nc3 c5 3. g3 d5 4. cxd5 Nxd5 5. Bg2 Nc7 6. e3 Nc6 7. Nge2 e5 8. O-O Be6 9. f4 Bd6 10. fxe5 Bxe5 11. Nf4 Bxf4 12. gxf4 Bc4 13. Rf2 Bd3 14. Qg4 O-O 15. Be4 c4 16. Rg2 g6 17. b3 f5 18. Bxd3 fxg4 19. Bxc4+ Kg7 20. Bb2 h5 21. Ne4+ Kh6 22. h3 gxh3 23. Rg3 Qh4 24. Kh2 Rae8 25. Rag1 Rg8 26. Nf6 Ref8 27. Nxg8+ Rxg8 28. Bxg8 Ne7 29. Bf7 Nf5 30. Rxg6+ Kh7 31. Bg8# 1-0